cohdb
Replays
Latest Replays
All Replays
Popular Replays
Top Player Replays
Match Explorer
How It Works
Community
CoH3 Stats
Reddit
Sign in to upload your games and track your stats! →
Sign in with Steam
Match 38784151
Unlisted
Match 38784151
Overview
Messages
Build Orders
End
Engineer Squad
Construct Barracks
Selects Armored Battlegroup
Selects Armored Battlegroup
Selects Armored Battlegroup
Selects Veteran Crews
1⁄4-ton 4x4 Truck
Riflemen Squad
Riflemen Squad
Infantry Support Center
Grenade Package
M1918 Browning Automatic Rifles
Selects Fast Deploy
Engineer Squad
Construct Tank Depot
Selects Seek and Destroy
Selects UNKNOWN (2160077)
Selects M31 Recovery Vehicle
Riflemen Squad
M4A3E8 Sherman Easy Eight
M4A3E8 Sherman Easy Eight
M31 Recovery Vehicle
Selects War Machine
M4A3E8 Sherman Easy Eight
M4A3E8 Sherman Easy Eight
.30 cal Machine Gun
Martinez
Quincy
atank
sharpshooter
0
0
Comments
sign in to comment!
No comments posted yet!